 Dungeon Crawl Stone Soup version 0.30-a0-23-ge60ba3568b (webtiles) character file.

Game seed: 8050334867441579509

2692 SuperCastor the Trooper (level 9, -1/120 HPs)
             Began as a White Draconian Berserker on Aug 24, 2022.
             Was a Priest of Trog.
             Slain by an orc warrior
             ... wielding a +0 battleaxe
              (17 damage)
             ... on level 7 of the Dungeon.
             The game lasted 00:52:56 (7981 turns).

SuperCastor the Trooper (White Draconian Berserker) Turns: 7981, Time: 00:52:57

Health: -1/120     AC:  7    Str: 24    XL:     9   Next: 38%
Magic:  9/9        EV: 14    Int:  8    God:    Trog [***...]
Gold:   424        SH:  5    Dex: 14    Spells: 8/8 levels left

rFire   + . .      SeeInvis .    m - +2 quarterstaff (chaos)
rCold   . . .      Faith    .    (shield currently unavailable)
rNeg    . . .      Spirit   .    (body armour unavailable)
rPois   .          Reflect  +    (helmet restricted)
rElec   .          Harm     .    (no cloak)
rCorr   +          Rampage  .    (no gloves)
Will    .....                    (no boots)
Stlth   ..........               o - amulet of reflection
HPRegen 0.30/turn                h - ring of Atweyp {Fire rCorr Dex+4 Stlth+}
MPRegen 0.11/turn                (no ring)

@: berserking, about to teleport, very quick
A: breathe frost, AC +7, unfitting armour, cold resistance 1, cold-blooded
a: Breathe Frost, Renounce Religion, Berserk, Trog's Hand


You were on level 7 of the Dungeon.
You worshipped Trog.
Trog was most pleased with you.
You visited 1 branch of the dungeon, and saw 7 of its levels.

You collected 424 gold pieces.

Inventory:

Hand Weapons
 a - a +2 vampiric spear
 m - a +2 quarterstaff of chaos (weapon)
Missiles
 k - 3 javelins (quivered)
Jewellery
 h - the ring of Atweyp (left hand) {Fire rCorr Dex+4 Stlth+}
   (You found it on level 5 of the Dungeon)

   [ring of fire]

   It enhances your fire magic.
   Dex:       It affects your dexterity (+4).
   rF:        It protects you from fire.
   rC:        It makes you vulnerable to cold.
   rCorr:     It protects you from acid and corrosion.
   Stlth:     It makes you more stealthy.
 o - an amulet of reflection (around neck)
Wands
 n - a wand of iceblast (20)
Scrolls
 d - a scroll of fog {unknown}
 e - 2 scrolls of teleportation
 g - a scroll of enchant weapon
Potions
 b - 6 potions of curing
 c - 3 potions of haste
 f - 4 potions of heal wounds
 j - a potion of cancellation {unknown}
 l - 2 potions of berserk rage {unknown}


   Skills:
 * Level 7.7 Fighting
 + Level 2.1 Long Blades
 + Level 5.1(6.5) Polearms
 + Level 6.3(7.2) Staves
 + Level 4.2 Throwing
 + Level 5.4 Dodging
 + Level 2.1 Stealth
 + Level 1.1 Shields


You had 8 spell levels left.
You didn't know any spells.
Your spell library contained the following spells:

 Spells                   Type           Power      Damage    Failure   Level
 Summon Guardian Golem    Hex/Summ       0%         N/A       78%         3
 Orb of Destruction       Conj           0%         9d5       100%        7
 Spellforged Servitor     Conj/Summ      0%         N/A       100%        7


Dungeon Overview and Level Annotations

Branches:
Dungeon (7/15)             Temple (0/1) D:6

Altars:
Trog
Zin


Innate Abilities, Weirdness & Mutations

You can breathe waves of freezing cold which knock back foes.
Your icy white scales are hard. (AC +7)
You cannot fit into any form of body armour.
Your flesh is cold resistant. (rC+)
You are cold-blooded and may be slowed by cold attacks.


Message History

You throw a javelin.
The javelin completely misses the orc warrior.
The orc warrior closely misses you.
The orc warrior hits you from afar with a +0 trident!
You sock the orc!
You kill the orc!
Trog accepts your kill. You block the orc warrior's attack.
Things that are here:
a +0 hand axe; a +0 leather armour You sock the orc warrior!
You freeze the orc warrior.
You kill the orc warrior!
Trog accepts your kill.
Things that are here:
a +0 trident; a +0 plate armour; an orc corpse You see here 4 stones.
k - 3 javelins You hear the faint creaking of a very distant portcullis.
You open the door.
An orc warrior comes into view. It is wielding a +0 battleaxe.
There is an open door here.
The helpless orc warrior fails to defend itself.
You thump the orc warrior!
You feel better.
The orc warrior is heavily wounded.
The orc warrior hits you with a +0 battleaxe.
You hit the orc warrior but do no damage.
The orc warrior flickers and vanishes!
Deactivating autopickup; reactivate with Ctrl-A.
Something hits you!
You miss something.
Your tail-slap misses something.
Something hits you!
You hit something.
Nothing appears to happen.
Something hits you!!
You barely miss something. Something barely misses you.
As you read the scroll of teleportation, it crumbles to dust.
You feel strangely unstable. Something hits you!
* * * LOW HITPOINT WARNING * * *
A red film seems to cover your vision as you go berserk!
You feel yourself moving faster!
You feel mighty! Something hits you.
* * * LOW HITPOINT WARNING * * *
You hit something. You burn something. Something hits you!
You die...

#..).....#
#..)<#(..#
###)###..# #..#
#.### # # #..#
#.#.#.#.#
#.)###.#.#...
#.)....#... ##.
#.(....#.#.....
#......@{..#
#......##.##
#..###.# # #.##
#.# #. #.# #.
..# #. ... #.
... #.


There were no monsters in sight!

Vanquished Creatures
  Grinder (D:6)
  Menkaure (D:7)
  A steam dragon (D:6)
  A floating eye (shapeshifter) (D:6)
  2 orc warriors
  An ogre (D:6)
  2 black bears
  4 centaurs
  A kobold brigand (D:6)
  2 gnoll sergeants (D:6)
  A bullfrog (D:6)
  A necrophage (D:5)
  2 scorpions (D:5)
  3 jellies
  4 orc priests (D:6)
  7 hounds
  Crazy Yiuf (D:4)
  A gnoll bouda (D:6)
  4 iguanas
  4 orc wizards
  7 gnolls
  9 adders
  A shadow imp (D:5)
  2 white imps
  An ufetubus (D:6)
  2 worms (D:3)
  A dart slug (D:3)
  20 orcs
  8 endoplasms
  8 giant cockroaches
  8 goblins
  13 hobgoblins
  7 jackals (D:3)
  4 quokkas
  9 ball pythons
  3 bats
  2 frilled lizards (D:3)
  12 kobolds
  6 rats
167 creatures vanquished.

Vanquished Creatures (others)
  A wizard (D:4)
  43 plants (D:6)
44 creatures vanquished.

Grand Total: 211 creatures vanquished

Notes
Turn   | Place    | Note
-------+----------+-------------------------------------------
     0 | D:1      | SuperCastor the Draconian Berserker began the quest for the
                  | Orb.
     0 | D:1      | Reached XP level 1. HP: 19/19 MP: 1/1
   220 | D:1      | Found a faded altar of an unknown god.
   443 | D:1      | Reached XP level 2. HP: 26/26 MP: 2/2
  1310 | D:2      | Reached XP level 3. HP: 31/33 MP: 3/3
  1532 | D:2      | Reached skill level 4 in Fighting
  2315 | D:3      | Reached ** piety under Trog
  2316 | D:3      | Reached XP level 4. HP: 14/40 MP: 4/4
  3373 | D:4      | Reached XP level 5. HP: 40/47 MP: 5/5
  3750 | D:4      | Reached skill level 1 in Long Blades
  4117 | D:4      | Found a runed translucent door.
  4118 | D:4      | Noticed Crazy Yiuf
  4132 | D:4      | Killed Crazy Yiuf
  4133 | D:4      | Reached skill level 1 in Stealth
  4133 | D:4      | Reached XP level 6. HP: 55/55 MP: 6/6
  4279 | D:4      | Found a bloodstained altar of Trog.
  4281 | D:4      | Noticed a wizard
  4286 | D:4      | Killed a wizard
  4483 | D:5      | Entered Level 5 of the Dungeon
  4492 | D:5      | Reached skill level 5 in Fighting
  4495 | D:5      | Reached skill level 1 in Throwing
  4552 | D:5      | Identified the ring of Atweyp {Fire rCorr Dex+4 Stlth+}
  4580 | D:5      | Reached skill level 1 in Staves
  4580 | D:5      | Your scales start taking on an icy white colour.
  4580 | D:5      | Reached XP level 7. HP: 61/61 MP: 7/7
  4580 | D:5      | Gained mutation: Your flesh is cold resistant. (rC+) [White
                  | Draconian growth]
  4900 | D:5      | Reached skill level 5 in Polearms
  4999 | D:5      | Reached skill level 6 in Fighting
  5344 | D:5      | Reached *** piety under Trog
  5519 | D:6      | Noticed Grinder
  5558 | D:6      | Reached XP level 8. HP: 35/70 MP: 8/8
  5677 | D:6      | Found a glowing silver altar of Zin.
  5715 | D:6      | Found a staircase to the Ecumenical Temple.
  5778 | D:6      | Paralysed by Grinder for 4 turns
  5796 | D:6      | Killed Grinder
  6070 | D:6      | Reached skill level 5 in Dodging
  6080 | D:6      | Reached skill level 7 in Fighting
  6080 | D:6      | Reached skill level 5 in Staves
  6588 | D:6      | Reached skill level 1 in Shields
  6588 | D:6      | Reached XP level 9. HP: 59/79 MP: 9/9
  6646 | D:6      | Noticed a glowing shapeshifter
  6646 | D:6      | an ogre changed into a glowing shapeshifter
  6646 | D:6      | Noticed an anaconda
  6646 | D:6      | a glowing shapeshifter changed into an anaconda
  6647 | D:6      | Noticed a glowing shapeshifter
  6647 | D:6      | an anaconda changed into a glowing shapeshifter
  6648 | D:6      | Noticed a faun
  6648 | D:6      | a glowing shapeshifter changed into a faun
  6649 | D:6      | a faun changed into a floating eye
  7870 | D:7      | Noticed Menkaure
  7872 | D:7      | Killed Menkaure
  7981 | D:7      | Slain by an orc warrior

Illustrated notes

Levels and vault maps discovered:
D:1:      nagdon_arrival_double_spiral, layout_basic,
          ebering_ecumenical_altar_webs, minmay_tetromino_i2
D:2:      layout_basic, lightli_corner_chamber
D:3:      layout_rooms
D:4:      layout_rooms, trog_wizard, uniq_crazy_yiuf_cottage
D:5:      layout_rooms, minmay_increasing_density
D:6:      kennysheep_housing_project, layout_rooms,
          mainiacjoe_overflow_chevrons, minmay_temple_entry_waves, uniq_grinder
D:7:      minmay_the_grid_plus_closed [minmay_the_grid_mess,
          minmay_the_grid_holed_spiral, minmay_the_grid_all_tris,
          minmay_the_grid_zigzag_pyramid,
          minmay_the_grid_prize_shrinking_boxes], layout_rooms,
          lemuel_tele_altar, serial_shops, nicolae_shop_behind_doors,
          enter_bailey_5, minmay_crystal_water, uniq_pikel, uniq_menkaure

Skill      XL: |  1  2  3  4  5  6  7  8  9 |
---------------+----------------------------+-----
Dodging        | 3 4 5 |  5.4
Fighting       | 4 5 6 7 |  7.7
Polearms       | 4 5 |  5.1
Long Blades    | 1 2 |  2.1
Stealth        | 1 2 |  2.1
Throwing       | 1 2 3 4 |  4.2
Staves         | 1 2 5 6 |  6.3
Shields        | 1 |  1.1

Action                   |  1- 3 |  4- 6 |  7- 9 || total
-------------------------+-------+-------+-------++-------
Melee: Spear             |   148 |    92 |       ||   240
       Tailslap          |    18 |    15 |    28 ||    61
       Long sword        |       |    35 |       ||    35
       Quarterstaff      |       |    12 |   175 ||   187
Throw: Boomerang         |       |    17 |       ||    17
       Javelin           |       |    13 |    46 ||    59
       Throwing net      |       |       |     2 ||     2
Invok: Berserk           |     2 |     4 |     6 ||    12
       Trog's Hand       |       |     1 |     4 ||     5
 Abil: Breathe Frost     |       |       |     4 ||     4
  Use: Scroll            |     6 |     3 |    10 ||    19
       Potion            |       |     1 |     5 ||     6
 Stab: Sleeping          |       |     1 |     1 ||     2
Armor: Skin              |    63 |    44 |    40 ||   147
Dodge: Dodged            |   108 |    87 |   127 ||   322
Block: Other             |       |       |    29 ||    29
       Reflection        |       |       |     4 ||     4

Table legend: (Time is in decaauts)
 A = Elapsed time spent in this place.
 B = Non-inter-level travel time spent in this place.
 C = Inter-level travel time spent in this place.
 D = Time resting spent in this place.
 E = Time spent auto-exploring this place.
 F = Levels seen in this place.
 G = Mean time per level.
                   A        B        C        D        E       F      G
               +--------+--------+--------+--------+--------+-----+--------+
         Total |   8097 |   8092 |      5 |   2537 |   2478 |   7 | 1156.7 |
       Dungeon |   8097 |   8092 |      5 |   2537 |   2478 |   7 | 1156.7 |
               +--------+--------+--------+--------+--------+-----+--------+

Top non-repeatable levels by time:
     D:6: 2371 daAuts
     D:1: 1300 daAuts
     D:4: 1176 daAuts
     D:3: 1100 daAuts
     D:5: 1078 daAuts
     D:2: 957 daAuts
     D:7: 112 daAuts
